Neryl, lawful female human Valkyrie -------------------------------- |..............................| | --------.......----------- | |------.|..| ((| |.@...|.|..| ((| | |.._(.|.--|- .|---.| | |.....|....---|-....| |.. |..)@.|.............+ |........ ---D---.{...........| |..............................| | ---+-..G........--+-|---...| --------.---- |...| ..| +.| |?%!| .. |.+ |/%%| .| -.- ----- | . --- Neryl the Fighter Experience level: 6 Strength: 18/04 Dexterity: 14 Constitution: 18 Intelligence: 7 Wisdom: 9 Charisma: 7 Health: 0(67) Energy: 16(16) AC: 2 Gold: 362 Moves: 2584 Your Inventory: Coins $ - 362 gold pieces Amulets z - a [cursed] pyramidal amulet [of change] Weapons b - 6 uncursed +0 daggers (wielded) Armor c - an uncursed +3 small shield o - an [uncursed] +0 cloak of displacement (being worn) p - an [uncursed] +0 ring mail (being worn) q - an [uncursed] +1 shield of reflection (being worn) r - an [uncursed] +0 pair of jumping boots (being worn) v - a [cursed -1] banded mail Scrolls h - an [uncursed] scroll labeled PHOL ENDE WODAN [of confuse monster] j - 2 [uncursed] scrolls labeled JUYED AWK YACC [of identify] t - a [cursed] scroll labeled VE FORBRYDERNE [of teleportation] x - an [uncursed] scroll labeled SODALG [of enchant armor] Potions e - a [cursed] orange potion [of blindness] g - an [uncursed] white potion [of extra healing] k - an [uncursed] magenta potion [of see invisible] n - a [cursed] greasy potion [of healing] s - an [uncursed] orange potion [of blindness] u - an [uncursed] puce potion [of object detection] Wands i - an [uncursed] wand of polymorph [0:5] Tools m - an [uncursed] key [skeleton key] A - an [uncursed] tin opener Spells known in the end: Name Level Category Fail Memory Your skills at the end: Fighting Skills Weapon Skills dagger [Basic / Expert] long sword [Basic / Expert] Spellcasting Skills Final Attributes: You were stridently aligned. Hunger level was 738. Your alignment was 7 / 22. Monster difficulty range was 1 - 6. Level difficulty was 7. You were immune to cold. You were displaced. You were stealthy. You could jump. You had reflection. You were unlucky (-2). You are dead. Vanquished creatures: a watchman a housecat a wood nymph a gnome lord a gnomish wizard a kobold mummy a ghoul a little dog 2 dwarves 3 rothes a monkey 3 dwarf zombies 3 acid blobs a gas spore a hobbit a large kobold 2 giant rats a cave spider a red mold 12 gnomes a gnome zombie 4 jackals a kobold 3 goblins 8 grid bugs 2 lichens a kobold zombie a newt 60 creatures vanquished. Voluntary challenges: You were an atheist. You used a wielded weapon 47 times. You read items or engraved 2 times. You put on armor 5 times. You never genocided any monsters. You polymorphed 3 items. You never changed form. You used no wishes. You never wrote Elbereth's name. You never encountered a bones level. You never used any Sokoban shortcuts. Dungeon overview: The Dungeons of Doom: levels 1 to 5 Level 1 some fountains a long staircase Level 3 an armor shop, a fountain Level 4 stairs to The Gnomish Mines Level 5 a fountain The Gnomish Mines: levels 5 to 7 Level 5 stairs to The Dungeons of Doom Level 7 <- You were here some shops, a temple, a magic chest, a fountain History has recorded: On T:1 you entered the Dungeons of Doom to retrieve the Amulet of Yendor! On T:259 you advanced to experience level 2. On T:345 you reached level 2 of The Dungeons of Doom. On T:494 you reached level 3 of The Dungeons of Doom. On T:510 you advanced to experience level 3. On T:1000 you reached level 4 of The Dungeons of Doom. On T:1074 you advanced to experience level 4. On T:1441 you reached level 5 of The Dungeons of Doom. On T:1499 you reached level 1 of The Gnomish Mines. On T:1597 you advanced to experience level 5. On T:2432 you advanced to experience level 6. On T:2474 you reached level 3 of The Gnomish Mines. Latest messages: The gnome is killed! The watchman picks up a dart. The watchman picks up a ring mail. You hit the watchman! The watchman thrusts his spear. The watchman hits! [HP-8=29] You hit the watchman! The watchman thrusts his spear. The watchman hits! [HP-12=17] You hit the watchman! The lindworm drops a spear. The lindworm breaks out of its armor! The lindworm drops its gloves! The lindworm can no longer hold its shield! The lindworm's boots are pushed off its feet! You feel shuddering vibrations. The lindworm bites! The lindworm hits! You die... Final status: Farvel Neryl the Valkyrie... You died in The Gnomish Mines on dungeon level 7 with 1886 points, and 362 pieces of gold, after 2584 moves. You were level 6 with a maximum of 67 hit points when you died.